 Dungeon Crawl Stone Soup version 0.21.1-1-g345015f (webtiles) character file.

99619 empire the Fencer (level 15, -4/129 HPs)
             Began as a Minotaur Fighter on May 30, 2018.
             Was a High Priest of Cheibriados.
             Slain by an orc warrior
             ... wielding a +0 halberd
              (27 damage)
             ... on level 2 of the Orcish Mines on May 31, 2018.
             The game lasted 01:23:24 (24950 turns).

empire the Fencer (Minotaur Fighter)               Turns: 24950, Time: 01:23:25

Health: -4/129     AC: 27    Str: 37    XL:     15   Next: 78%
Magic:  14/22      EV: 19    Int: 19    God:    Cheibriados [*****.]
Gold:   1955       SH: 16    Dex: 30    Spells: 4/14 levels left

rFire    x . .     SeeInvis +   a - +7 scimitar (flame)
rCold    . . .     Gourm    +   Z - +0 shield
rNeg     . . .     Faith    .   Y - +0 plate armour "Luatto" {rElec rPois rF- SInv}
rPois    +         Spirit   .   W - +2 hat
rElec    +         Reflect  .   Q - +2 cloak {+Inv}
rCorr    .         Harm     .   E - +2 pair of gloves
MR       +....                  C - +2 pair of boots
Stlth    ..........             R - amulet of the gourmand
HPRegen  0.31/turn              x - +5 ring of dexterity
MPRegen  0.18/turn              u - +3 ring of slaying

@: about to teleport, very slow
A: retaliatory headbutt, claws 1, horns 2
a: Bend Time, Temporal Distortion, Slouch, Step From Time, Renounce Religion,
Evoke Invisibility


You were on level 2 of the Orcish Mines.
You worshipped Cheibriados.
Cheibriados was extremely pleased with you.
You were completely stuffed.

You visited 6 branches of the dungeon, and saw 24 of its levels.
You visited the Abyss 1 time.
You also visited: Sewer, Ossuary and Ice Cave.

You collected 2655 gold pieces.
You spent 700 gold pieces at shops.

Inventory:

Hand Weapons
 a - a +7 scimitar of flaming (weapon)
 e - a +2 halberd
 v - a +2 falchion of protection
 z - a +0 mace of protection
 F - a +2 long sword
Armour
 o - a +3 chain mail
 C - a +2 pair of boots (worn)
 D - a +0 plate armour of fire resistance
 E - a +2 pair of gloves (worn)
 Q - a +2 cloak of invisibility (worn)
 W - a +2 hat (worn)
 Y - the +0 plate armour "Luatto" (worn) {rElec rPois rF- SInv}
   (You took it off an orc warrior on level 11 of the Dungeon)

   It makes you vulnerable to fire.
   It insulates you from electricity.
   It protects you from poison.
   It lets you see invisible.
 Z - a +0 shield (worn)
Jewellery
 c - an uncursed ring of protection from magic
 g - an uncursed ring of protection from cold
 k - an uncursed ring of flight
 l - an uncursed ring of see invisible
 u - a +3 ring of slaying (right hand)
 x - a +5 ring of dexterity (left hand)
 G - an uncursed ring of positive energy
 R - an amulet of the gourmand (around neck)
Wands
 b - a wand of acid (21)
 d - a wand of enslavement (16)
 j - a wand of disintegration (15)
 r - a wand of clouds (5)
 B - a wand of flame (146)
 P - a wand of polymorph (18)
 U - a wand of iceblast (18)
 V - a wand of digging (30)
 X - a wand of scattershot (4)
Scrolls
 t - 9 scrolls of remove curse
 w - a scroll of noise
 y - 4 scrolls of fear
 A - 7 scrolls of teleportation
 H - 2 scrolls of fog
Potions
 i - 3 potions of mutation
 m - 8 potions of curing
 n - 4 potions of might
 p - 4 potions of flight
 q - a potion of resistance {unknown}
 s - 2 potions of heal wounds
 L - 2 potions of lignification
Miscellaneous
 O - a phial of floods
Comestibles
 f - 35 rations
 h - 42 chunks of flesh


   Skills:
 - Level 11.0 Fighting
 + Level 17.9 Long Blades
 - Level 11.0 Armour
 - Level 11.0 Dodging
 - Level 11.0 Shields
 - Level 11.0 Invocations
 - Level 11.0 Evocations


You had 4 spell levels left.
You knew the following spells:

 Your Spells              Type           Power        Failure   Level  Hunger
a - Regeneration          Chrm/Necr      #.........   99%         3    ####...
b - Shroud of Golubria    Chrm/Tloc      #.........   94%         2    ###....
c - Song of Slaying       Chrm           #.......     94%         2    ###....
d - Blink                 Tloc           N/A          94%         2    ###....
e - Infusion              Chrm           #...         86%         1    ##.....


Dungeon Overview and Level Annotations

Branches:
Dungeon (13/15)            Temple (1/1) D:6            Lair (6/6) D:9
 Shoals (1/4) Lair:3       Spider (1/4) Lair:2        Slime (0/5) Lair:6
    Orc (2/2) D:11            Elf (0/3) Orc:2        Vaults (0/5) D:13

Altars:
Ashenzari
Cheibriados
Fedhas
Kikubaaqudgha
Nemelex Xobeh
Ru
Sif Muna
Trog
Wu Jian
Xom
The Shining One

Shops:
D:5 :   D:7 =   D:12 [

Annotations:
D:11 3 runed doors
Lair:6 exclusion: 2 oklob plants


Innate Abilities, Weirdness & Mutations

You reflexively headbutt those who attack you in melee.
You have a pair of horns on your head.
You have sharp fingernails.


Message History

The orc knight hits you with a war axe!!
* * * LOW HITPOINT WARNING * * *
An orc warrior comes into view. It is wielding a mace.
You block the orc warrior's attack.
The orc high priest utters an invocation to Beogh.
The orc high priest mumbles some strange prayers to Beogh.
The soul eater hits you but does no damage.
You block the orc warrior's attack.
Things that are here:
an enchanted scimitar; a chain mail
As you read the scroll of teleportation, it crumbles to dust.
You feel strangely unstable. You block the orc warrior's attack.
The orc knight roars a battlecry!
The orc warrior goes into a battle-frenzy!
The soul eater draws from the surrounding life force!
* * * LOW HITPOINT WARNING * * *
The orc knight roars a battlecry!
The orc warrior closely misses you.
The orc warrior hits you from afar with a halberd!!
You die...

......... ..#
....#...# ..
#......o. ..#
#...#oo[# ..#
#..oo)oo..# #.#
#.4#o3o#..# ...
#.3.oooo# #.#
##o#3## #..o@)#
###.#o###
#.......##
#..#...#..#
#.........##
#...#...#...#
##...........##
#....#...#....#
#.............#


You could see 2 orc knights, a soul eater, 2 orc high priests, an orange demon,
a smoke demon, a neqoxec, 10 orc warriors and an orc priest.

Vanquished Creatures
  The ghost of cultivahabas the Brawler, an adept TrCK of Xom (Spider:1)
  A frost giant (IceCv)
  2 emperor scorpions (Spider:1)
  The ghost of wojtek the Champion of Chaos, a journeyman MiFi of Makhleb (Lair:6)
  A merfolk impaler (Shoals:1)
  An ice dragon (Orc:2)
  The ghost of Trampli the Severer, a journeyman HOFi of Makhleb (Orc:2)
  A vault guard (D:13)
  A catoblepas (Lair:6)
  2 hydras
  A merfolk aquamancer (Shoals:1)
  4 two-headed ogres
  A death yak (IceCv)
  An orc high priest (Orc:2)
  2 tengu warriors (D:13)
  Nergalle (D:10)
  A sea snake (Shoals:1)
  2 wizards
  An orange crystal statue (D:11)
  4 orc knights (Orc:2)
  A deep elf mage (Abyss:2)
  A lindwurm (Lair:6)
  4 necromancers (D:13)
  An ugly thing (D:13)
  3 orc sorcerers
  2 wolf spiders (Spider:1)
  6 fauns (Shoals:1)
  5 manticores (Shoals:1)
  A moth of wrath (Spider:1)
  2 orb spiders (Spider:1)
  17 elephants
  2 cyclopes
  4 merfolk sirens
  6 black mambas
  5 spiny frogs
  A water nymph (Shoals:1)
  A gargoyle (D:11)
  A torpor snail (Lair:4)
  3 rime drakes
  6 komodo dragons
  A demonic crawler (Spider:1)
  4 trolls
  6 merfolk
  4 jumping spiders (Spider:1)
  20 polar bears
  20 blink frogs
  7 hornets
  3 raiju (Abyss:2)
  Grinder (D:5)
  4 slime creatures (D:13)
  14 hippogriffs
  3 snapping turtles (Shoals:1)
  4 large abominations (Abyss:2)
  12 spriggans (Lair:6)
  2 tarantellas (Spider:1)
  A wyvern (D:11)
  2 water elementals (Shoals:1)
  64 yaks
  6 redbacks
  7 basilisks
  15 humans (D:13)
  4 vampire mosquitoes (D:12)
  A hungry ghost (D:9)
  Menkaure (D:6)
  2 insubstantial wisps (Lair:3)
  A warg (Orc:1)
  Edmund (D:5)
  An acid dragon (D:13)
  15 water moccasins
  A swamp drake (Lair:3)
  10 porcupines
  Duvessa (D:5)
  A hornet zombie (D:13)
  3 sky beasts
  An ice beast (D:9)
  7 black bears
  29 orc warriors
  3 phantoms
  33 wolves
  3 boggarts (Lair:6)
  7 necrophages
  8 ogres
  10 centaurs
  8 crocodiles
  A small abomination (Abyss:2)
  4 big kobolds
  A gnoll sergeant (D:12)
  10 bullfrogs
  6 scorpions
  Dowan (D:5)
  3 killer bees (D:10)
  13 wights
  6 howler monkeys
  A bullfrog zombie (D:6)
  9 crimson imps
  4 centaur zombies
  10 hounds
  2 quasits
  6 jellies
  A gnoll shaman (Orc:1)
  2 centaur skeletons
  32 orc priests
  2 bullfrog skeletons
  24 orc wizards
  Crazy Yiuf (D:3)
  Jessica (D:3)
  3 iguanas
  7 worker ants
  Natasha (thrice) (D:3)
  A hound zombie (D:6)
  A hound skeleton (D:4)
  12 mummies (Ossuary)
  A worker ant zombie (D:5)
  3 howler monkey skeletons
  7 gnolls
  11 adders
  3 river rats (Sewer)
  2 shadow imps
  4 oozes
  A worm (D:3)
  A dart slug (D:3)
  2 leopard geckos
  80 orcs
  A ball python (D:3)
  7 giant cockroaches
  4 goblins
  8 hobgoblins
  21 jackals
  17 kobolds
  7 quokkas
  6 bats
  4 frilled lizards
  A gnoll skeleton (Ossuary)
  2 goblin skeletons (Ossuary)
  A jackal skeleton (D:5)
  4 kobold skeletons (Ossuary)
  A leopard gecko zombie (D:8)
  7 rats
  11 rat skeletons (Ossuary)
  11 plants
848 creatures vanquished.

Vanquished Creatures (others)
  A vault guard (D:13)
  A vampire mosquito (Lair:3)
  A goblin skeleton (Ossuary)
  2 fungi
  2 plants (Shoals:1)
7 creatures vanquished.

Grand Total: 855 creatures vanquished

Notes
Turn   | Place    | Note
-------+----------+-------------------------------------------
     0 | D:1      | empire the Minotaur Fighter began the quest for the Orb.
     0 | D:1      | Reached XP level 1. HP: 19/19 MP: 0/0
    32 | D:1      | Reached skill level 3 in Long Blades
    32 | D:1      | Reached XP level 2. HP: 9/26 MP: 1/1
   287 | D:1      | Found a shattered altar of Ashenzari.
  1236 | D:2      | Reached XP level 3. HP: 31/31 MP: 2/2
  1602 | D:2      | Reached skill level 4 in Long Blades
  1726 | D:3      | Found an ornate altar of the Wu Jian Council.
  1740 | D:3      | Gained mutation: You evolve. [potion of mutation]
  1740 | D:3      | Gained mutation: You have sharp fingernails. [potion of mutation]
  1740 | D:3      | HP: 1/31 [adder (2)]
  1771 | D:3      | Noticed Jessica
  1777 | D:3      | Killed Jessica
  1777 | D:3      | Reached XP level 4. HP: 33/39 MP: 3/3
  1822 | D:3      | Found a bloodstained altar of Trog.
  1836 | D:3      | Noticed Natasha
  1846 | D:3      | Killed Natasha
  1846 | D:3      | Reached skill level 5 in Long Blades
  1873 | D:3      | Found a glowing drain.
  1916 | D:3      | Reached skill level 5 in Armour
  1918 | D:3      | Reached XP level 5. HP: 35/45 MP: 4/4
  1925 | D:3      | Reached skill level 1 in Dodging
  1935 | Sewer    | Entered a sewer
  2066 | Sewer    | Found a white marble altar of Elyvilon.
  2163 | D:3      | Reached XP level 6. HP: 41/52 MP: 5/5
  2375 | D:3      | Found a runed door.
  2490 | D:3      | Found a deep blue altar of Sif Muna.
  2596 | D:3      | Noticed Natasha
  2605 | D:3      | Killed Natasha
  2894 | D:3      | Noticed Natasha
  2907 | D:3      | Killed Natasha
  3019 | D:3      | Noticed Crazy Yiuf
  3027 | D:3      | Killed Crazy Yiuf
  3219 | D:4      | Reached skill level 5 in Fighting
  3349 | D:4      | Reached XP level 7. HP: 61/61 MP: 6/6
  3355 | D:4      | Reached skill level 1 in Evocations
  3550 | D:4      | Reached skill level 5 in Dodging
  3805 | D:4      | Found a blossoming altar of Fedhas.
  3805 | D:4      | Found a snail-covered altar of Cheibriados.
  3810 | D:4      | Became a worshipper of Cheibriados the Contemplative
  3865 | D:5      | Entered Level 5 of the Dungeon
  3913 | D:5      | Reached XP level 8. HP: 64/68 MP: 10/10
  3930 | D:5      | Reached skill level 5 in Evocations
  3933 | D:5      | Found a sand-covered staircase.
  3939 | Ossuary  | Entered an ossuary
  4010 | Ossuary  | Reached * piety under Cheibriados
  4020 | Ossuary  | Reached skill level 1 in Invocations
  4223 | D:5      | Noticed Dowan
  4224 | D:5      | Noticed Duvessa
  4226 | D:5      | Killed Dowan
  4232 | D:5      | Killed Duvessa
  4232 | D:5      | Reached skill level 5 in Shields
  4360 | D:5      | Noticed Edmund
  4374 | D:5      | Killed Edmund
  4420 | D:5      | Found Casius's Book Shop.
  4476 | D:5      | Lost mutation: You evolve. [evolution]
  4753 | D:5      | Noticed Grinder
  4756 | D:5      | Reached ** piety under Cheibriados
  4761 | D:5      | Paralysed by Grinder for 6 turns
  4768 | D:5      | Killed Grinder
  4768 | D:5      | Reached skill level 5 in Invocations
  4903 | D:6      | Found a staircase to the Ecumenical Temple.
  4927 | D:6      | Reached XP level 9. HP: 74/74 MP: 12/12
  4929 | Temple   | Entered the Ecumenical Temple
  5069 | D:6      | Noticed Menkaure
  5071 | D:6      | Killed Menkaure
  5288 | D:6      | Found a sparkling altar of Nemelex Xobeh.
  5740 | D:7      | Reached *** piety under Cheibriados
  6000 | D:7      | Reached skill level 6 in Long Blades
  6001 | D:7      | Found Ruunupp's Jewellery Boutique.
  6560 | D:8      | Reached **** piety under Cheibriados
  6560 | D:8      | Reached XP level 10. HP: 82/83 MP: 13/13
  7257 | D:9      | Reached ***** piety under Cheibriados
  7340 | D:9      | Reached skill level 7 in Long Blades
  7804 | D:9      | Found a staircase to the Lair.
  8083 | D:10     | Entered Level 10 of the Dungeon
  8083 | D:10     | Noticed Nergalle
  8095 | D:10     | Killed Nergalle
  8237 | D:10     | Noticed a two-headed ogre
  8243 | D:10     | Killed a two-headed ogre
  8243 | D:10     | Reached XP level 11. HP: 80/92 MP: 15/15
  8271 | D:10     | Noticed a two-headed ogre
  8278 | D:10     | Killed a two-headed ogre
  8819 | D:11     | Paralysed by a hornet for 3 turns
  8947 | D:11     | Reached skill level 8 in Long Blades
  9083 | D:11     | Found a runed door.
  9096 | D:11     | Found a runed door.
  9128 | D:11     | Found a runed door.
  9173 | D:11     | Noticed an orc sorcerer
  9180 | D:11     | Killed an orc sorcerer
  9194 | D:11     | Noticed an orc sorcerer
  9205 | D:11     | Killed an orc sorcerer
  9208 | D:11     | Noticed a wizard
  9225 | D:11     | Paralysed by a wizard for 3 turns
  9229 | D:11     | Killed a wizard
  9252 | D:11     | Got an ichor-stained plate armour
  9268 | D:11     | Identified the cursed +0 plate armour "Luatto" {rElec rPois rF- SInv} (You took it off an orc warrior on level 11 of the Dungeon)
  9452 | Temple   | Learned a level 3 spell: Regeneration
  9455 | Temple   | Learned a level 2 spell: Shroud of Golubria
  9458 | Temple   | Learned a level 2 spell: Song of Slaying
  9600 | D:11     | Found a staircase to the Orcish Mines.
  9644 | D:11     | Reached ****** piety under Cheibriados
 10036 | D:11     | Found a runed door.
 10337 | D:11     | Noticed an orange crystal statue
 10349 | D:11     | Killed an orange crystal statue
 10552 | D:12     | Found Qasch's Armour Shoppe.
 10670 | D:12     | Reached XP level 12. HP: 103/103 MP: 17/17
 10728 | D:12     | Noticed a five-headed hydra
 10737 | D:12     | Killed a five-headed hydra
 10825 | D:12     | Reached skill level 9 in Long Blades
 11313 | D:13     | Noticed a tengu warrior
 11314 | D:13     | Noticed a tengu warrior
 11320 | D:13     | Killed a tengu warrior
 11327 | D:13     | Killed a tengu warrior
 11367 | D:13     | Found a glowing golden altar of the Shining One.
 11474 | D:13     | Noticed a two-headed ogre
 11476 | D:13     | Noticed a two-headed ogre
 11478 | D:13     | HP: 5/104 [very large slime creature (1)]
 11480 | D:13     | Noticed a vault guard
 11480 | D:13     | HP: 2/104 [human (3)]
 11484 | D:13     | Noticed a vault guard
 11485 | D:13     | Banished a vault guard
 11493 | D:13     | Killed a two-headed ogre
 11501 | D:13     | HP: 1/156 [something/stone arrow (11)]
 11503 | D:13     | Cast into level 2 of the Abyss (a wizard)
 11517 | Abyss:2  | Found a corrupted altar of Lugonu.
 11895 | D:13     | Escaped the Abyss
 11915 | D:13     | Reached skill level 10 in Shields
 12144 | D:13     | Found a shimmering altar of Xom.
 12240 | D:13     | Killed a vault guard
 12263 | D:13     | Reached skill level 10 in Long Blades
 12263 | D:13     | Reached skill level 10 in Armour
 12263 | D:13     | Reached XP level 13. HP: 30/113 MP: 18/18
 12510 | D:13     | Reached skill level 10 in Fighting
 12709 | D:13     | Found a gate to the Vaults.
 13298 | Lair:1   | Entered Level 1 of the Lair of Beasts
 14064 | Lair:2   | Found a hole to the Spider Nest.
 14247 | Spider:1 | Entered Level 1 of the Spider Nest
 14399 | Spider:1 | Noticed an emperor scorpion
 14412 | Spider:1 | Killed an emperor scorpion
 14412 | Spider:1 | Reached skill level 10 in Dodging
 14437 | Spider:1 | Noticed an emperor scorpion
 14456 | Spider:1 | Killed an emperor scorpion
 14746 | Spider:1 | Noticed cultivahabas's ghost (adept TrCK)
 14751 | Spider:1 | Killed cultivahabas's ghost
 15585 | Temple   | Learned a level 2 spell: Blink
 15587 | Temple   | Learned a level 1 spell: Infusion
 16184 | Lair:3   | Reached skill level 10 in Invocations
 16300 | Lair:3   | Reached skill level 11 in Long Blades
 16432 | Lair:3   | Reached XP level 14. HP: 116/124 MP: 20/20
 16561 | Lair:3   | Reached skill level 10 in Evocations
 16582 | Lair:3   | Identified the Incunabulum of Dislocation
 16608 | Lair:3   | Found a staircase to the Shoals.
 17009 | Shoals:1 | Entered Level 1 of the Shoals
 18261 | Lair:4   | Found a snail-covered altar of Cheibriados.
 18800 | Lair:4   | Reached skill level 12 in Long Blades
 19560 | Lair:5   | Reached skill level 13 in Long Blades
 20444 | Lair:6   | Entered Level 6 of the Lair of Beasts
 20849 | Lair:6   | Reached skill level 14 in Long Blades
 20971 | Lair:6   | Noticed wojtek's ghost (journeyman MiFi)
 20986 | Lair:6   | Killed wojtek's ghost
 20986 | Lair:6   | Reached XP level 15. HP: 79/129 MP: 22/22
 21427 | Lair:6   | Reached skill level 15 in Long Blades
 21705 | Lair:6   | Got a sparkling amber ring
 21714 | Lair:6   | Identified the ring of Nezuk {Fire rElec} (You found it on level 6 of the Lair of Beasts)
 21865 | Lair:6   | Found a staircase to the Slime Pits.
 22557 | D:7      | Bought an uncursed ring of protection from magic for 350 gold pieces
 22557 | D:7      | Bought an uncursed ring of protection from cold for 350 gold pieces
 22700 | Orc:1    | Entered Level 1 of the Orcish Mines
 22891 | Orc:1    | Reached skill level 16 in Long Blades
 23167 | Orc:2    | Entered Level 2 of the Orcish Mines
 23244 | Orc:2    | Found a frozen archway.
 23287 | IceCv    | Entered an ice cave
 23866 | IceCv    | Noticed a frost giant
 23873 | IceCv    | Reached skill level 17 in Long Blades
 23890 | IceCv    | Killed a frost giant
 24078 | IceCv    | Identified the Tome of the Glacier
 24622 | Orc:2    | Noticed Trampli's ghost (journeyman HOFi)
 24635 | Orc:2    | Killed Trampli's ghost
 24653 | Orc:2    | Found a staircase to the Elven Halls.
 24950 | Orc:2    | Slain by an orc warrior

Skill      XL: |  1  2  3  4  5  6  7  8  9 10 11 12 13 14 15 |
---------------+----------------------------------------------+-----
Long Blades    | 3 4 5 6 7 8 10 11 14 17 | 17.9
Armour         | 4 5 6 7 8 10 11 | 11.0
Dodging        | 3 4 5 6 7 8 9 10 11 | 11.0
Fighting       | 5 6 7 8 9 11 | 11.0
Evocations     | 4 5 6 8 9 11 | 11.0
Invocations    | 5 6 7 8 9 10 11 | 11.0
Shields        | 5 6 7 8 10 11 | 11.0

Action                   |  1- 3 |  4- 6 |  7- 9 | 10-12 | 13-15 || total
-------------------------+-------+-------+-------+-------+-------++-------
Melee: Long sword        |   108 |   149 |   251 |   450 |   920 ||  1878
       Headbutt          |    11 |    32 |    81 |   168 |   416 ||   708
       Scimitar          |       |       |       |       |    42 ||    42
Invok: Step From Time    |       |       |       |     1 |       ||     1
       Slouch            |       |       |       |       |    10 ||    10
 Abil: Evoke Flight      |       |     1 |       |       |       ||     1
       Evoke Invisibilit |       |       |       |     2 |       ||     2
Evoke: Wand              |       |       |       |     6 |    23 ||    29
  Use: Potion            |     4 |       |       |    15 |     8 ||    27
       Scroll            |     3 |       |    16 |    17 |    24 ||    60
 Stab: Distracted        |       |       |     1 |       |       ||     1
       Invisible         |       |       |       |     5 |       ||     5
       Fleeing           |       |       |       |     1 |       ||     1
       Petrified         |       |       |       |       |    10 ||    10
       Petrifying        |       |       |       |       |     4 ||     4
  Eat: Chunk             |     2 |     6 |     7 |    12 |    30 ||    57
       Ration            |       |       |       |       |     1 ||     1
Armor: Scale mail        |    62 |    33 |       |       |       ||    95
       Chain mail        |       |    26 |   104 |    36 |       ||   166
       Plate armour      |       |       |       |   134 |   346 ||   480
       Skin              |       |       |       |    17 |     1 ||    18
Dodge: Dodged            |    32 |    50 |    89 |   247 |   654 ||  1072
Block: Shield            |    59 |    93 |   146 |   409 |   943 ||  1650
       Rpst.: Long sword |     9 |    10 |    25 |    44 |   100 ||   188
       Scimitar          |       |       |       |       |     3 ||     3
